 Dungeon Crawl Stone Soup version 0.24.0-123-gd5b16e6ec5 (webtiles) character file.

Game seed: 4517646976327220240, levelgen mode: deterministic

4298 Napalmbreeze the Spear-Bearer (level 10, -3/80 HPs)
             Began as a Merfolk Skald on Jan 26, 2020.
             Was a Follower of Makhleb.
             Slain by a killer bee (8 damage)
             ... on level 9 of the Dungeon.
             The game lasted 00:26:42 (11173 turns).

Napalmbreeze the Spear-Bearer (Merfolk Skald)      Turns: 11173, Time: 00:26:42

Health: -3/80      AC:  7    Str: 12      XL:     10   Next: 32%
Magic:  11/17      EV: 15    Int: 14      God:    Makhleb [*.....]
Gold:   290        SH:  0    Dex: 19 (20) Spells: 13/19 levels left

rFire    . . .     SeeInvis .   u - +0 scythe (vamp)
rCold    + . .     Gourm    .   (shield currently unavailable)
rNeg     . . .     Faith    .   r - +0 ring mail {rC+}
rPois    .         Spirit   .   (no helmet)
rElec    .         Reflect  .   k - +0 cloak
rCorr    .         Harm     .   s - +0 pair of gloves (curse)
MR       .....                  (no boots)
Stlth    +.........             l - amulet of rage
HPRegen  0.23/turn              x - +5 ring of dexterity
MPRegen  0.15/turn              (no ring)

@: lethally poisoned (-3 -> -6), infused, singing
A: change form in water, swift swim, stealthy swim
a: Renounce Religion, Evoke Berserk Rage


You were on level 9 of the Dungeon.
You worshipped Makhleb.
Makhleb was aware of your devotion.
You were hungry.

You visited 1 branch of the dungeon, and saw 9 of its levels.

You collected 359 gold pieces.
You spent 69 gold pieces at shops.

Inventory:

Hand Weapons
 i - a +0 dagger of protection
 u - a +0 vampiric scythe (weapon)
Armour
 b - a +0 leather armour
 k - a +0 cloak (worn)
 r - a +0 ring mail of cold resistance (worn)
 s - a cursed +0 pair of gloves (worn)
Jewellery
 l - an amulet of rage (around neck)
 x - a +5 ring of dexterity (left hand)
Wands
 j - a wand of paralysis (23)
 t - a wand of digging (6)
Scrolls
 a - 2 scrolls of enchant armour {unknown}
 e - 2 scrolls of amnesia {unknown}
 g - 4 scrolls of remove curse
 n - 4 scrolls of teleportation
 p - a scroll of noise {unknown}
 q - 4 scrolls of enchant weapon {unknown}
 y - a scroll of blinking {unknown}
 A - 2 scrolls of immolation
Potions
 f - a potion of flight {unknown}
 h - 2 potions of berserk rage
 m - a potion of curing
 o - 2 potions of might {unknown}
 w - 3 potions of lignification
 z - a potion of haste {unknown}
 B - a potion of cancellation {unknown}
 C - a potion of degeneration {unknown}
Comestibles
 d - 13 rations
 v - 7 chunks of flesh


   Skills:
 + Level 8.2 Fighting
 - Level 10.0 Polearms
 - Level 0.6 Armour
 - Level 7.0 Dodging
 - Level 5.0 Spellcasting
 + Level 3.8 Hexes
 + Level 6.5 Charms
 + Level 5.3 Invocations


You had 13 spell levels left.
You knew the following spells:

 Your Spells              Type           Power        Failure   Level  Hunger
a - Infusion              Chrm           ###.         2%          1    None
d - Song of Slaying       Chrm           ###.....     4%          2    ##.....
s - Spectral Weapon       Hex/Chrm       ###.....     14%         3    ###....

Your spell library contained the following spells:

 Spells                   Type           Power        Failure   Level  Hunger
 Shroud of Golubria       Chrm/Tloc      ##....       16%         2    ##.....
 Regeneration             Chrm/Necr      ##........   30%         3    ###....


Dungeon Overview and Level Annotations

Branches:
Dungeon (9/15)             Temple (0/1) D:6
   Lair: D:8-11         Orc: D:9-12

Altars:
Cheibriados
Kikubaaqudgha
Makhleb
Okawaru
Qazlal
Trog
Uskayaw
Vehumet
Xom
The Shining One

Shops:
D:5 *   D:7 *   D:8 (

Annotations:
D:5 3 runed translucent doors, CrazyMind's ghost, novice TrFi; mys's ghost, novice DsAK
D:8 2 transporters, Iskender's ghost, novice FoCK


Message History

The killer bee closely misses your spectral weapon.
The killer bee completely misses you.
Unknown command.
Unknown command.
You feel sick. The killer bee closely misses you.
The killer bee stings your spectral weapon!
Your spectral weapon shares its damage with you!
* * * LOW HITPOINT WARNING * * *
The killer bee stings your spectral weapon.
Your spectral weapon shares its damage with you!
* * * LOW HITPOINT WARNING * * *
The killer bee closely misses you.
The killer bee closely misses your spectral weapon.
The killer bee stings your spectral weapon.
Your spectral weapon fades away.
Unknown command.
Unknown command.
Unknown command.
You feel sick. The killer bee stings you!
You die...

####### #.....# #.....#
#.....# #.....# . #########
#.....#
....###.....yy######.....#####
....'........y@...............
....###.....y.######.....#####
. #.......# ##..........
#.......# #.....######
#.......# #.....# #####
######### ##...(.# ....#
#.....## ...(####### #.#.#.#
..........##########.#.#.#


You could see 4 killer bees.

Vanquished Creatures
  Psyche (D:7)
  Grinder (D:3)
  A hornet (D:7)
  2 hippogriffs
  Sigmund (D:3)
  A spriggan (D:8)
  A water moccasin (D:7)
  2 ice beasts
  2 sky beasts
  An orc warrior (D:8)
  A black bear (D:7)
  A necrophage (D:5)
  A phantom (D:6)
  2 ogres
  2 centaurs (D:7)
  3 bullfrogs
  A wyvern zombie (D:4)
  A scorpion (D:7)
  2 killer bees (D:9)
  3 wights (D:6)
  2 howler monkeys
  4 crimson imps
  A centaur skeleton (D:8)
  4 hounds
  A jelly (D:7)
  3 quasits
  4 orc priests
  7 orc wizards
  2 iguanas
  6 worker ants
  2 hound skeletons (D:4)
  8 gnolls
  9 adders
  A howler monkey skeleton (D:5)
  An adder zombie (D:7)
  3 dart slugs
  2 leopard geckos
  23 orcs
  3 bats
  4 giant cockroaches
  5 goblins
  6 hobgoblins
  11 jackals
  3 quokkas
  2 ball pythons (D:4)
  8 frilled lizards
  A kobold (D:1)
  A leopard gecko skeleton (D:7)
  6 rats
163 creatures vanquished.

Vanquished Creatures (others)
  3 spectral weapons
  5 withered plants (D:5)
8 creatures vanquished.

Grand Total: 171 creatures vanquished

Notes
Turn   | Place    | Note
-------+----------+-------------------------------------------
     0 | D:1      | Napalmbreeze the Merfolk Skald began the quest for the Orb.
     0 | D:1      | Reached XP level 1. HP: 16/16 MP: 3/3
   481 | D:1      | Reached XP level 2. HP: 23/23 MP: 5/5
  1136 | D:2      | Reached XP level 3. HP: 21/28 MP: 1/6
  1198 | D:2      | Learned a level 3 spell: Spectral Weapon
  1201 | D:2      | Learned a level 2 spell: Song of Slaying
  1236 | D:2      | Found an ancient bone altar of Kikubaaqudgha.
  1257 | D:2      | Reached skill level 4 in Polearms
  1939 | D:3      | Reached XP level 4. HP: 24/34 MP: 0/7
  2045 | D:3      | Found a snail-covered altar of Cheibriados.
  2506 | D:3      | Noticed Grinder
  3028 | D:3      | Found a bloodstained altar of Trog.
  3080 | D:3      | Found a stormy altar of Qazlal.
  3154 | D:3      | Noticed Sigmund
  3180 | D:3      | Killed Sigmund
  3180 | D:3      | Reached skill level 5 in Polearms
  3180 | D:3      | Reached XP level 5. HP: 28/41 MP: 0/9
  3180 | D:3      | Reached XP level 6. HP: 32/47 MP: 0/10
  3641 | D:3      | Killed Grinder
  3641 | D:3      | Reached skill level 6 in Polearms
  3641 | D:3      | Reached XP level 7. HP: 24/53 MP: 6/11
  3864 | D:3      | Found a stormy altar of Qazlal.
  4212 | D:3      | Found a snail-covered altar of Cheibriados.
  4314 | D:3      | Found a bloodstained altar of Trog.
  4717 | D:4      | Found a hide-covered altar of Uskayaw.
  4744 | D:4      | Reached skill level 7 in Polearms
  4859 | D:4      | Reached skill level 5 in Dodging
  5347 | D:4      | Reached skill level 5 in Charms
  5486 | D:5      | Entered Level 5 of the Dungeon
  5582 | D:5      | Reached XP level 8. HP: 59/60 MP: 8/14
  5951 | D:5      | Found a runed translucent gate.
  5955 | D:5      | Found a runed translucent gate.
  5984 | D:5      | Found a runed translucent gate.
  5985 | D:5      | Noticed CrazyMind's ghost (novice TrFi)
  5985 | D:5      | Noticed mys's ghost (novice DsAK)
  6307 | D:5      | Found Ficiomoosi's Assorted Antiques.
  6315 | D:5      | Bought a coppery potion for 24 gold pieces
  6942 | D:6      | Found a burning altar of Makhleb.
  6946 | D:6      | Became a worshipper of Makhleb the Destroyer
  6970 | D:6      | Reached skill level 5 in Spellcasting
  7107 | D:6      | Reached skill level 5 in Fighting
  7107 | D:6      | Reached skill level 8 in Polearms
  7232 | D:6      | Found a shimmering altar of Xom.
  7355 | D:6      | Found a staircase to the Ecumenical Temple.
  7609 | D:7      | Reached skill level 9 in Polearms
  7871 | D:7      | Reached XP level 9. HP: 69/69 MP: 13/16
  8363 | D:7      | Reached skill level 10 in Polearms
  8883 | D:7      | Found an iron altar of Okawaru.
  8886 | D:7      | Found a radiant altar of Vehumet.
  8902 | D:7      | Found Iluummow's Assorted Antiques.
  8910 | D:7      | Bought a blue potion for 21 gold pieces
  8910 | D:7      | Bought a scroll labeled UTAOLI ACSOS for 24 gold pieces
  9108 | D:7      | Reached skill level 1 in Invocations
  9641 | D:8      | Found Ruxiat's Antique Weapon Shop.
  9647 | D:8      | Noticed Psyche
  9669 | D:7      | Killed Psyche
  9669 | D:7      | Reached skill level 1 in Hexes
  9857 | D:8      | Noticed a hornet
 10021 | D:8      | Paralysed by a hornet for 3 turns
 10030 | D:7      | Killed a hornet
 10340 | D:8      | Reached XP level 10. HP: 78/79 MP: 9/17
 10641 | D:8      | Noticed Iskender's ghost (novice FoCK)
 10646 | D:8      | Found a transporter.
 10647 | D:8      | Found a transporter.
 10647 | D:8      | Identified the +5 great mace of Muruwib {crush, rF+ Dex+2}
 10647 | D:8      | Noticed a two-headed ogre
 10696 | D:8      | Found a glowing golden altar of the Shining One.
 10845 | D:8      | Reached * piety under Makhleb
 10903 | D:8      | Reached skill level 5 in Invocations
 11169 | D:9      | HP: 3/80 [killer bee (6)]
 11173 | D:9      | Slain by a killer bee

Levels and vault maps discovered:
D:1:      dpeg_arrival_arbitrary_c, layout_basic
D:2:      layout_rooms, kiku_gazebo_pond_becter, first_ration,
          grunt_ministairs_15, roderic_roman_lattice
D:3:      layout_loops_corners, nicolae_overflow_crystal_walls, bloody_trog,
          cheibriados_altar_1, serial_co_window_serial, co_window_paths_b,
          co_window_paths_b, co_window_paths_b, co_window_paths_a,
          co_window_paths_b, co_window_of_opportunity_a, co_window_paths_a,
          co_window_broadway_b, co_window_cross_3, co_window_unsneaky_path_e,
          glass_columns_b, glass_columns_a, glass_columns_a, glass_columns_a,
          uniq_sigmund, uniq_grinder
D:4:      layout_basic, old_standard_altar
D:5:      layout_cave_pods, gammafunk_ghost_cemetery, serial_shops, shop
D:6:      layout_basic, marbit_many_paths, lemuel_doored_altar,
          minmay_temple_entry_drinking_statues, serial_bayou_pond_e
D:7:      minmay_recursive_quarters, layout_basic, grunt_temple_overflow_open,
          serial_shops, shop
D:8:      layout_rooms, overflow_temple_1_default, gammafunk_ghost_smash,
          serial_shops, nicolae_shop_stone, the_bakery, uniq_psyche
D:9:      layout_basic, ebering_ghost_disaster_area

Skill      XL: |  1  2  3  4  5  6  7  8  9 10 |
---------------+-------------------------------+-----
Dodging        | 3 4 5 7 |  7.0
Polearms       | 4 5 6 7 9 10 | 10.0
Fighting       | 3 4 6 7 8 |  8.2
Charms         | 4 5 6 |  6.5
Spellcasting   | 3 4 5 |  5.0
Invocations    | 4 5 |  5.3
Hexes          | 2 3 |  3.8
Armour         | |  0.6

Action                   |  1- 3 |  4- 6 |  7- 9 | 10-12 || total
-------------------------+-------+-------+-------+-------++-------
Melee: Spear             |   131 |    86 |   459 |       ||   676
       Scythe            |       |       |    48 |    90 ||   138
 Cast: Infusion          |     2 |     4 |    12 |     3 ||    21
       Spectral Weapon   |       |     2 |    25 |     7 ||    34
       Song of Slaying   |       |     1 |     5 |     1 ||     7
  Use: Scroll            |       |     3 |     5 |       ||     8
       Potion            |       |     1 |     4 |     3 ||     8
 Stab: Sleeping          |     2 |     2 |       |       ||     4
       Distracted        |       |       |     2 |       ||     2
  Eat: Chunk             |     3 |     5 |    13 |     2 ||    23
       Ration            |       |       |     4 |       ||     4
Armor: Leather armour    |    22 |    12 |    24 |       ||    58
       Ring mail         |       |       |    81 |    26 ||   107
Dodge: Dodged            |    51 |    40 |   294 |   182 ||   567
